[Event "ESTCC U65 2018"]
[Site "Walbrzych"]
[Date "2018.04.22"]
[Round "9"]
[White "Jorgensen, Brian Jorgen"]
[Black "Karppinen, Martti"]
[Result "1-0"]
[ECO "A04"]
[WhiteElo "2255"]
[BlackElo "1894"]
[Annotator "NA"]
[PlyCount "81"]
[EventDate "2018.??.??"]
[EventCountry "POL"]
[SourceTitle "playchess.com"]
[Source "ChessBase"]
[SourceQuality "1"]
[WhiteTeam "Denmark"]
[BlackTeam "Finland"]
[WhiteTeamCountry "DEN"]
[BlackTeamCountry "FIN"]
[TimeControl "40/5400+30:1800+30"]

1. Nf3 Nc6 2. d4 d5 3. c4 e6 4. Nc3 Nf6 5. Bg5 Be7 6. e3 O-O 7. Rc1 h6 8. Bh4 Nh7 {[%emt 0:02:45] D56: Queen's Gambit Declined: Lasker Defence} (8... a6 9. a3 Ne4 10. Bxe7 Qxe7 11. Qc2 Nxc3 12. Qxc3 Re8 13. Be2 Bd7 14. O-O Rac8 15. cxd5 exd5 16. Qb3 {0-1 (35) Szuhanek,R (2515)-Savic,M (2491) Kragujevac 2016}) 9. Bxe7 Nxe7 10. Bd3 Nc6 $146 ({Find the theoretical novelty and annotate with similar games:} 10... Nf6 11. O-O c6 12. b4 dxc4 13. Bxc4 Ned5 14. Qb3 Nxc3 15. Rxc3 Ne4 16. Rc2 {1-0 (71) Hein,E (1966)-Hardt,H (1823) Dortmund 2005}) 11. O-O Nb4 12. Bb1 dxc4 13. Ne5 b6 14. Nxc4 Ba6 15. b3 Ng5 16. f4 Nh7 17. Qf3 Nf6 18. Rfd1 Rb8 19. e4 Bb7 $18 20. a3 Nc6 21. Qd3 Nh5 22. g3 Qe7 23. d5 Qc5+ 24. Kg2 Na5 25. Na4 Qe7 26. Nxa5 bxa5 27. Nc5 exd5 28. Nxb7 Rxb7 29. Qxd5 Rfb8 30. Qxh5 Rxb3 31. Bc2 Rb2 32. Qf3 R8b3 33. Rd3 a4 34. Kh3 Qc5 35. Bxb3 Qxc1 36. Rd8+ Kh7 37. Bxf7 Qg1 38. Bg6+ Kxg6 39. Qg4+ Kf6 40. Qf5+ Ke7 41. Rd7+ 1-0

[Event "ESTCC U65 2018"]
[Site "Walbrzych"]
[Date "2018.04.22"]
[Round "9"]
[White "Hurme, Harri"]
[Black "Lehtosaari, Kalevi"]
[Result "1-0"]
[ECO "D10"]
[WhiteElo "2229"]
[BlackElo "1964"]
[Annotator "NA"]
[PlyCount "124"]
[EventDate "2018.??.??"]
[EventCountry "POL"]
[SourceTitle "playchess.com"]
[Source "ChessBase"]
[SourceQuality "1"]
[WhiteTeam "Finland"]
[BlackTeam "Finland"]
[WhiteTeamCountry "FIN"]
[BlackTeamCountry "FIN"]
[TimeControl "40/5400+30:1800+30"]

1. d4 d5 2. c4 c6 3. cxd5 cxd5 4. Nc3 Nc6 5. Bf4 e6 6. e3 Bb4 7. Bd3 Nf6 8. Nf3 O-O 9. O-O Nh5 10. Bg5 Be7 11. Bxe7 Qxe7 12. Rc1 Nf6 {[%emt 0:01:29] D13: Slav Defence: Exchange variation without ...Bf5} 13. Ne5 (13. a3 e5 14. dxe5 Nxe5 15. Be2 Rd8 16. Qd4 Nc6 17. Qh4 Be6 18. Rfd1 Rac8 19. Nb5 a6 20. Nbd4 Nxd4 21. Qxd4 Rxc1 22. Rxc1 {½-½ (47) Montalvo,A (2255)-Leong,I (2275) Elista 1998}) 13... Bd7 14. f4 g6 $146 ({Predecessor:} 14... Nxe5 15. fxe5 Ne8 16. Rf3 f5 17. exf6 Rxf6 18. Rg3 g6 19. Qe2 Ng7 20. e4 {1-0 (30) Picasso Gallego,N (1929)-Pinheiro,R (1743) Recife 2014}) 15. g4 Ne8 16. Rf2 Nxe5 17. dxe5 f6 18. exf6 Nxf6 19. g5 Nh5 20. Be2 Ng7 21. Bg4 Bc6 22. Qd4 a6 23. e4 Rad8 24. e5 Nf5 25. Bxf5 Rxf5 26. Ne2 Rff8 27. Qe3 Rc8 28. Nd4 Bd7 29. Rfc2 Rxc2 30. Rxc2 Rc8 31. Kf2 Qb4 32. Rxc8+ Bxc8 33. Qc3 Qf8 34. Ke3 Qd8 35. Qc5 Kf7 36. a4 Ke8 37. a5 Bd7 38. b4 h6 39. h4 hxg5 40. fxg5 Kf7 41. Nf3 Bc6 42. Qd6 Qc8 43. Kd4 Bd7 44. Qc5 Bc6 45. Qc1 Ke7 46. Nh2 Kd8 47. Ng4 Kc7 48. Nf6 Kb8 49. h5 gxh5 50. g6 Qf8 51. Qd2 h4 52. Nh5 Qf5 $11 (52... Qf1 $5 53. g7 $8 Qg1+ 54. Qe3 Qd1+ 55. Kc3 {[#]} d4+ $1 56. Qxd4 Qa1+ 57. Kd3 Bb5+ 58. Ke4 Bc6+ 59. Kd3 Qd1+ 60. Kc3 Qa1+ 61. Kd3 $11) 53. g7 Qg4+ 54. Qf4 Qg1+ 55. Kc3 Qa1+ 56. Kd2 Qb2+ 57. Ke1 Qb1+ 58. Kf2 Qc2+ 59. Kg1 Qd1+ 60. Kh2 Qe2+ 61. Kh3 Qd3+ 62. Kxh4 Be8 1-0

[Event "ESTCC U65 2018"]
[Site "Walbrzych"]
[Date "2018.04.22"]
[Round "9"]
[White "Ackermann, Hans Werner"]
[Black "Marks, Ian A"]
[Result "1/2-1/2"]
[ECO "A05"]
[WhiteElo "2211"]
[BlackElo "1895"]
[Annotator "NA"]
[PlyCount "117"]
[EventDate "2018.??.??"]
[EventCountry "POL"]
[SourceTitle "playchess.com"]
[Source "ChessBase"]
[SourceQuality "1"]
[WhiteTeam "Germany"]
[BlackTeam "Scotland"]
[WhiteTeamCountry "GER"]
[BlackTeamCountry "SCO"]
[TimeControl "40/5400+30:1800+30"]

1. Nf3 Nf6 2. c4 c5 3. b3 b6 4. Bb2 Bb7 5. e3 e6 6. Be2 Be7 7. O-O O-O 8. d4 cxd4 9. Nxd4 d6 10. Bf3 Qd7 11. Bxb7 Qxb7 12. Nc3 a6 13. Qf3 {[%emt 0:01:10] A30: Symmetrical English: Double Fianchetto and Hedgehog} Qxf3 14. gxf3 Rc8 15. Rfd1 Nc6 (15... Nbd7 16. f4 g6 17. Kg2 Rab8 18. Rac1 Nc5 19. Rc2 Rb7 20. Kf3 Ncd7 {½-½ (20) Gareyev,T (2590)-Sargissian,G (2660) Las Vegas 2009}) 16. Nde2 $146 ({Find the theoretical novelty and annotate with similar games:} 16. Nxc6 Rxc6 17. Kf1 Rb8 18. Rac1 Nd7 19. Ke2 f5 20. Rd2 Kf7 {½-½ (50) Glienke,M (2325)-Tregubov,P (2520) Berlin 1996}) 16... Ne5 17. Kg2 Ned7 18. Rd2 Rab8 19. Nd4 Kf8 20. Rc1 Ke8 21. f4 g6 22. f3 Nc5 23. e4 Nh5 24. Nde2 b5 25. Nb1 b4 26. Bd4 a5 27. Rcd1 a4 28. Bxc5 Rxc5 29. Kf2 axb3 30. axb3 Ra8 31. Rc2 Ra1 32. Rf1 d5 33. Nd2 Rxf1+ 34. Kxf1 g5 35. Ra2 f5 36. exf5 exf5 37. Nd4 Nxf4 38. Ra8+ Kf7 39. Ra7 Ng6 40. Nxf5 Ke6 41. Ne3 dxc4 42. Ndxc4 Ne5 43. Ke2 Nxc4 44. Nxc4 h5 45. h3 Bf6 46. Ke3 Rf5 47. Nd2 Re5+ 48. Ne4 Be7 $11 49. Ra6+ Kd7 50. Kd3 Rf5 51. Ke2 Rf4 52. Rg6 Rh4 53. Nxg5 Bxg5 54. Rxg5 Rxh3 55. Rb5 Rh4 56. Ke3 Kc6 57. Rf5 Rh1 58. Kd4 Rc1 59. Rxh5 {Kd5+} 1/2-1/2

[Event "ESTCC U65 2018"]
[Site "Walbrzych"]
[Date "2018.04.22"]
[Round "9"]
[White "Hedin, Gunnar"]
[Black "Grahn, Lars"]
[Result "1-0"]
[ECO "A85"]
[WhiteElo "2174"]
[BlackElo "1949"]
[Annotator "NA"]
[PlyCount "35"]
[EventDate "2018.??.??"]
[EventCountry "POL"]
[SourceTitle "playchess.com"]
[Source "ChessBase"]
[SourceQuality "1"]
[WhiteTeam "Sweden"]
[BlackTeam "Sweden"]
[WhiteTeamCountry "SWE"]
[BlackTeamCountry "SWE"]
[TimeControl "40/5400+30:1800+30"]

1. d4 f5 2. c4 Nf6 3. Nc3 g6 4. h4 d6 5. h5 Nxh5 6. e4 fxe4 7. g4 Nf6 8. g5 Bg4 9. Qb3 Nfd7 10. Qxb7 Nb6 11. c5 dxc5 12. dxc5 Bg7 13. Be3 Bxc3+ 14. bxc3 Qd5 15. Qxc7 Nc4 16. Bd4 O-O $18 (16... Na3 $16 17. Rc1 e3) 17. Bxc4 Qxc4 18. Qe5 1-0

[Event "ESTCC U65 2018"]
[Site "Walbrzych"]
[Date "2018.04.22"]
[Round "9"]
[White "Hammar, Bengt"]
[Black "Lundgren, Ulf"]
[Result "1-0"]
[ECO "C65"]
[WhiteElo "2133"]
[BlackElo "1989"]
[Annotator "NA"]
[PlyCount "48"]
[EventDate "2018.??.??"]
[EventCountry "POL"]
[SourceTitle "playchess.com"]
[Source "ChessBase"]
[SourceQuality "1"]
[WhiteTeam "Sweden"]
[BlackTeam "Sweden"]
[WhiteTeamCountry "SWE"]
[BlackTeamCountry "SWE"]
[TimeControl "40/5400+30:1800+30"]

1. e4 e5 2. Nf3 Nc6 3. Bb5 Nf6 4. d3 d6 5. c3 Be7 6. O-O O-O 7. Re1 Bg4 8. h3 Bh5 9. Nbd2 Nd7 10. Ba4 Rb8 11. Nf1 b5 12. Bc2 Bxf3 13. Qxf3 Bf6 14. Ne3 g6 15. b4 Bg7 16. a4 a6 17. g3 Ne7 18. axb5 axb5 19. h4 c6 20. h5 f5 21. hxg6 hxg6 22. Bb3+ Rf7 23. Bxf7+ Kxf7 24. exf5 Kg8 1-0

[Event "ESTCC U65 2018"]
[Site "Walbrzych"]
[Date "2018.04.22"]
[Round "9"]
[White "Giulian, Philip M"]
[Black "Buchal, Stephan"]
[Result "0-1"]
[ECO "E63"]
[WhiteElo "2124"]
[BlackElo "2310"]
[Annotator "NA"]
[PlyCount "50"]
[EventDate "2018.??.??"]
[EventCountry "POL"]
[SourceTitle "playchess.com"]
[Source "ChessBase"]
[SourceQuality "1"]
[WhiteTeam "Scotland"]
[BlackTeam "Germany"]
[WhiteTeamCountry "SCO"]
[BlackTeamCountry "GER"]
[TimeControl "40/5400+30:1800+30"]

1. Nf3 g6 2. g3 Bg7 3. d4 Nf6 4. c4 O-O 5. Bg2 d6 6. O-O Nc6 7. Nc3 a6 8. d5 Na5 9. b3 Rb8 10. Bd2 c5 11. dxc6 Nxc6 12. Qc1 Re8 13. Rd1 Bd7 14. a4 Qb6 15. Ra3 Rec8 $11 16. e4 Qc5 17. Nd5 Nxd5 18. exd5 Nd4 19. Nxd4 Bxd4 20. Be3 Bxe3 21. fxe3 b5 22. axb5 axb5 23. Bf1 Bf5 24. Ra2 bxc4 25. bxc4 Rb1 0-1

[Event "ESTCC U65 2018"]
[Site "Walbrzych"]
[Date "2018.04.22"]
[Round "9"]
[White "White, Alastair F"]
[Black "Kierzek, Matthias"]
[Result "1/2-1/2"]
[ECO "B10"]
[WhiteElo "2069"]
[BlackElo "2272"]
[Annotator "NA"]
[PlyCount "27"]
[EventDate "2018.??.??"]
[EventCountry "POL"]
[SourceTitle "playchess.com"]
[Source "ChessBase"]
[SourceQuality "1"]
[WhiteTeam "Scotland"]
[BlackTeam "Germany"]
[WhiteTeamCountry "SCO"]
[BlackTeamCountry "GER"]
[TimeControl "40/5400+30:1800+30"]

1. e4 c6 2. Nc3 d5 3. Nf3 Nf6 4. e5 Ne4 5. h3 Bf5 6. Ne2 e6 7. d3 Nc5 8. g4 Bg6 9. Nf4 Be7 10. h4 h6 11. Nxg6 fxg6 12. g5 Nbd7 13. Bh3 Nf8 14. Qe2 1/2-1/2

[Event "ESTCC U65 2018"]
[Site "Walbrzych"]
[Date "2018.04.22"]
[Round "9"]
[White "Meskanen, Vesa"]
[Black "Rintakoski, Pentti"]
[Result "1-0"]
[ECO "D34"]
[WhiteElo "2066"]
[BlackElo "1797"]
[Annotator "NA"]
[PlyCount "79"]
[EventDate "2018.??.??"]
[EventCountry "POL"]
[SourceTitle "playchess.com"]
[Source "ChessBase"]
[SourceQuality "1"]
[WhiteTeam "Finland"]
[BlackTeam "Finland"]
[WhiteTeamCountry "FIN"]
[BlackTeamCountry "FIN"]
[TimeControl "40/5400+30:1800+30"]

1. d4 e6 2. Nf3 Nf6 3. g3 c5 4. Bg2 Nc6 5. O-O d5 6. c4 Be7 7. cxd5 exd5 8. Nc3 O-O 9. Be3 Ng4 10. Bf4 a6 11. dxc5 Be6 12. Na4 Qa5 13. a3 h6 14. b4 Qb5 15. Nb6 Rad8 16. Bc7 Rde8 17. Rb1 a5 18. a4 Qa6 19. b5 Qa7 20. bxc6 bxc6 21. Bd6 Bxd6 22. cxd6 Rd8 23. Qd4 Bf5 24. Rb2 Nf6 25. Nxd5 Qxd4 26. Ne7+ Kh7 27. Nxd4 Bg6 28. Nxg6 fxg6 29. Nxc6 Rxd6 30. Nxa5 Rd4 31. Ra1 Ng4 32. e3 Rd7 33. Nc6 Rdf7 34. Raa2 h5 35. h3 Nf6 36. a5 Nd7 37. a6 Nc5 38. a7 Nd3 39. Rd2 Nc1 40. a8=Q 1-0

[Event "ESTCC U65 2018"]
[Site "Walbrzych"]
[Date "2018.04.22"]
[Round "9"]
[White "Christiansen, Arne"]
[Black "Patola, Eero"]
[Result "1-0"]
[ECO "A60"]
[WhiteElo "2045"]
[BlackElo "1823"]
[Annotator "NA"]
[PlyCount "85"]
[EventDate "2018.??.??"]
[EventCountry "POL"]
[SourceTitle "playchess.com"]
[Source "ChessBase"]
[SourceQuality "1"]
[WhiteTeam "Denmark"]
[BlackTeam "Finland"]
[WhiteTeamCountry "DEN"]
[BlackTeamCountry "FIN"]
[TimeControl "40/5400+30:1800+30"]

1. d4 c5 2. d5 Nf6 3. c4 e6 4. Nc3 d6 5. Nf3 Be7 6. e4 {[%emt 0:01:05] E10: Blumenfeld Gambit} O-O 7. Be2 (7. h3 b5 8. cxb5 a6 9. a4 Re8 10. dxe6 Bxe6 11. Be2 c4 12. Be3 d5 13. Nd4 Bb4 14. Nxe6 fxe6 15. exd5 axb5 16. dxe6 {1-0 (25) Sargissian,G (2693)-Dimakiling,O (2428) Istanbul 2012}) 7... Re8 8. O-O h6 $146 ({Find the theoretical novelty and annotate with similar games:} 8... Nbd7 9. Bf4 exd5 10. cxd5 a6 11. a4 b6 12. h3 Bf8 13. Nd2 Ne5 {½-½ (27) Nikitin,G (2136)-Gavrilov,G (2089) Novosibirsk 2009}) 9. Qc2 Na6 10. h3 Nc7 11. Be3 exd5 12. cxd5 a6 13. a4 b6 14. Rfd1 Bb7 15. Rd2 Bf8 16. Bc4 Nd7 17. Re1 Qf6 18. Rde2 Ne5 19. Nxe5 dxe5 20. Bc1 Rad8 21. Re3 g6 22. Rf3 Qg7 23. Qb3 Rd6 $16 24. Nd1 Be7 25. Qd3 Red8 26. Ne3 Ne6 27. Ng4 Bg5 28. Bxg5 Nxg5 29. Rg3 Nxe4 30. Qxe4 f5 31. Nxh6+ Qxh6 32. Qxe5 Qf8 33. h4 Qf6 34. h5 Qxe5 35. Rxe5 Kf7 36. hxg6+ Kf6 37. Re6+ Rxe6 38. dxe6 Kg7 39. Rb3 b5 40. axb5 axb5 41. Bxb5 Rd1+ 42. Kh2 Re1 43. Re3 1-0

[Event "ESTCC U65 2018"]
[Site "Walbrzych"]
[Date "2018.04.22"]
[Round "9"]
[White "Koskinen, Veikko"]
[Black "Westerinen, Heikki M J"]
[Result "0-1"]
[ECO "A05"]
[WhiteElo "2012"]
[BlackElo "2308"]
[Annotator "NA"]
[PlyCount "140"]
[EventDate "2018.??.??"]
[EventCountry "POL"]
[SourceTitle "playchess.com"]
[Source "ChessBase"]
[SourceQuality "1"]
[WhiteTeam "Finland"]
[BlackTeam "Finland"]
[WhiteTeamCountry "FIN"]
[BlackTeamCountry "FIN"]
[TimeControl "40/5400+30:1800+30"]

1. Nf3 Nf6 2. g3 g6 3. Bg2 Bg7 4. O-O O-O 5. d3 d5 6. Nbd2 Nc6 7. e4 e5 8. exd5 Nxd5 9. Nc4 Re8 10. Re1 h6 11. a4 {[%emt 0:16:19] LiveBook: 16 Games A07: Réti Opening: New York and Capablanca Systems} (11. c3 Nb6 12. Ne3 Be6 13. Qc2 Qd7 14. a4 a5 15. Bd2 Rad8 16. Bf1 Bh3 17. Bxh3 Qxh3 18. Rad1 Kh8 {1-0 (47) Nepomniachtchi,I (2714)-Bacrot,E (2718) Beijing 2014}) 11... a5 12. Bd2 b6 13. Ne3 $146 ({Predecessor:} 13. Qc1 Kh7 14. Re4 g5 15. h4 g4 16. Nfxe5 Nxe5 17. Nxe5 Rxe5 18. Rxe5 Bxe5 {0-1 (43) Pel,B (2280)-Pruijssers,R (2408) Groningen 2007}) 13... Nxe3 14. Bxe3 Bb7 15. Qc1 Kh7 16. Nd2 Qd7 17. Nc4 Rad8 18. Bd2 Bc8 19. Bc3 Nd4 20. Bxd4 Qxd4 21. Qe3 Ba6 22. Qxd4 Rxd4 23. Ne3 Red8 24. b3 f5 25. Rad1 h5 26. Bf3 e4 27. dxe4 Bb7 28. Be2 Bxe4 29. Rxd4 Rxd4 30. Rd1 Rxd1+ 31. Bxd1 Bd4 32. Nc4 g5 33. Kf1 g4 34. Nd2 Bb7 35. Be2 Kg6 36. Bd3 Kf6 37. Ke2 Kg5 38. c4 Kf6 39. Bc2 Ke5 40. Bb1 Bc3 41. Bd3 $17 Bb4 42. Ke3 Bc8 43. f4+ Ke6 44. Ke2 Bb7 45. Bc2 Bc5 46. Kf1 Be3 47. Nb1 h4 48. Nc3 c6 49. Bd3 Bc8 50. Nd1 Bc1 51. Nf2 h3 52. Bc2 Kd6 53. Nd3 Be3 54. Bd1 Bd4 55. Bc2 Ke6 56. Bd1 Bb7 57. Bc2 Ba6 58. Bd1 b5 59. cxb5 cxb5 60. axb5 Bxb5 61. Be2 Bc6 62. Ne1 Bd5 63. Bd1 Be4 64. Be2 Kd6 65. Bd1 Kc5 66. Nc2 Bd3+ 67. Ke1 Bg1 68. Na3 Kb4 69. Nc4 Bxc4 70. bxc4 a4 0-1

[Event "ESTCC U65 2018"]
[Site "Walbrzych"]
[Date "2018.04.22"]
[Round "9"]
[White "Rantanen, Veikko"]
[Black "Gromark, Per-Olof"]
[Result "0-1"]
[ECO "B44"]
[WhiteElo "2007"]
[BlackElo "1901"]
[Annotator "NA"]
[PlyCount "128"]
[EventDate "2018.??.??"]
[EventCountry "POL"]
[SourceTitle "playchess.com"]
[Source "ChessBase"]
[SourceQuality "1"]
[WhiteTeam "Finland"]
[BlackTeam "Sweden"]
[WhiteTeamCountry "FIN"]
[BlackTeamCountry "SWE"]
[TimeControl "40/5400+30:1800+30"]

1. e4 c5 2. Nf3 e6 3. d4 cxd4 4. Nxd4 Nc6 5. a3 a6 6. c4 Qc7 7. Nc3 Nf6 8. Nxc6 {[%emt 0:02:33] B41: Sicilian: Kan Variation: 5 c4} (8. Be2 b6 9. Be3 Bb7 10. f3 Nxd4 11. Bxd4 Bd6 12. Qb3 Bxh2 13. Qxb6 Bg3+ 14. Kd2 Qxb6 15. Bxb6 d5 16. exd5 exd5 {½-½ (39) Muzychuk,M (2544)-Dzagnidze,N (2522) Huaian 2017}) 8... bxc6 9. Be2 Bb7 $146 ({Predecessor:} 9... Be7 10. Be3 c5 11. f4 d6 12. O-O O-O 13. Bf3 Bb7 14. g4 Rad8 15. g5 Nd7 {1-0 (73) Klein,J (2236)-Bastian,H (2369) Eppelborn 2008}) 10. O-O c5 11. Qd3 d6 12. f4 Be7 13. Bf3 O-O 14. Be3 Bc6 15. Rab1 Rab8 16. Bd1 Rfd8 17. Bc2 g6 18. Qe2 Nd7 19. Rfd1 Bf8 20. Kh1 Ba8 21. Bd2 Bg7 22. Qe1 Re8 23. b3 Bc6 24. Ne2 Qb7 25. Ng3 f5 26. Qe2 Bd4 27. Be3 e5 28. b4 Qa8 29. b5 Bb7 30. a4 a5 31. Qf2 fxe4 32. Re1 Rf8 33. f5 Nf6 34. h3 Bc8 35. Bxd4 cxd4 36. Nxe4 Nxe4 37. Bxe4 Bb7 38. Bxb7 Qxb7 39. Qa2 Qf7 40. fxg6 hxg6 41. Qa3 Qc7 42. Qd3 Kg7 43. Rbc1 Rbc8 44. Qd2 Rf5 45. Re4 d5 46. Rh4 dxc4 47. Qh6+ Kf6 48. Rg4 Qg7 49. Qh4+ Kf7 50. Qe1 c3 51. Qe4 Kf8 52. Qd5 Qf7 53. Qd6+ Kg7 $17 54. Re4 Re8 55. Qc5 Qb7 56. Rg4 Re6 57. Re1 Qb6 58. Qc4 e4 59. Rgxe4 Rxe4 60. Rxe4 Qf6 61. Qxd4 Qxd4 62. Rxd4 Rf1+ 63. Kh2 c2 64. Re4 Rf5 0-1

[Event "ESTCC U65 2018"]
[Site "Walbrzych"]
[Date "2018.04.22"]
[Round "9"]
[White "Wademark, Helge"]
[Black "Malmdin, Nils-Ake"]
[Result "1/2-1/2"]
[ECO "B23"]
[WhiteElo "2005"]
[BlackElo "2154"]
[Annotator "NA"]
[PlyCount "40"]
[EventDate "2018.??.??"]
[EventCountry "POL"]
[SourceTitle "playchess.com"]
[Source "ChessBase"]
[SourceQuality "1"]
[WhiteTeam "Sweden"]
[BlackTeam "Sweden"]
[WhiteTeamCountry "SWE"]
[BlackTeamCountry "SWE"]
[TimeControl "40/5400+30:1800+30"]

1. e4 c5 2. Nc3 Nc6 3. f4 g6 4. Nf3 Bg7 5. Bb5 Nd4 6. Nxd4 cxd4 7. Ne2 Qb6 8. Bd3 d5 9. exd5 Nf6 10. c4 dxc3 11. dxc3 O-O 12. Qb3 Qc5 13. Qc4 Qxd5 14. Qxd5 Nxd5 15. Be4 Rd8 16. Bd2 a5 17. Rd1 Bg4 18. Bc1 e6 19. h3 Bf5 20. Bf3 Bb1 1/2-1/2

[Event "ESTCC U65 2018"]
[Site "Walbrzych"]
[Date "2018.04.22"]
[Round "9"]
[White "Ranki, Martti"]
[Black "Andersson, Kenneth"]
[Result "1-0"]
[ECO "D53"]
[WhiteElo "1942"]
[BlackElo "1763"]
[Annotator "NA"]
[PlyCount "152"]
[EventDate "2018.??.??"]
[EventCountry "POL"]
[SourceTitle "playchess.com"]
[Source "ChessBase"]
[SourceQuality "1"]
[WhiteTeam "Finland"]
[BlackTeam "Sweden"]
[WhiteTeamCountry "FIN"]
[BlackTeamCountry "SWE"]
[TimeControl "40/5400+30:1800+30"]

1. d4 d5 2. c4 e6 3. Nc3 Nf6 4. Bg5 Be7 5. e3 c6 6. Bd3 dxc4 7. Bxc4 Nbd7 8. Nf3 O-O 9. O-O b5 10. Bd3 Bb7 11. Qc2 {[%emt 0:05:24] D60: Queen's Gambit Declined: Classical: Unusual White 7th moves} (11. Rc1 a6 12. Ne4 Nxe4 13. Bxe7 Nxf2 14. Bxh7+ Kh8 15. Rxf2 Qxe7 16. Be4 Rac8 17. Ne5 Nxe5 18. Qh5+ {1-0 (18) Li,C (2732)-Bacrot,A (2192) chess.com INT 2018}) 11... Rc8 12. Qe2 h6 13. Bh4 a6 14. a3 c5 15. Rad1 $146 ({Predecessor:} 15. Rfd1 Qc7 16. Rac1 Qa5 17. Ne5 Nxe5 18. dxe5 Nd5 19. Bxe7 Nxe7 20. Be4 Qc7 21. f4 {½-½ (21) Vieyra,D-Martinez,D Villa Ballester 1998}) 15... c4 16. Bb1 Re8 17. e4 Nh7 18. Bg3 Ng5 19. Nxg5 Bxg5 20. f4 Bh4 21. Qg4 Bxg3 22. Qxg3 Qc7 23. Qh3 Nf8 24. Rf3 Qe7 25. Rdf1 Rcd8 26. Ne2 Kh8 27. g4 f5 28. g5 Bxe4 29. Bxe4 fxe4 30. Rg3 Nh7 31. gxh6 gxh6 32. Qxh6 Rg8 33. Kf2 Rxg3 34. hxg3 Qf6 35. Qh5 Rg8 36. Rh1 Qf5 37. Ke3 a5 38. Qh4 b4 39. Qe7 Rb8 40. Qc7 Rf8 41. Qxc4 bxa3 42. bxa3 Kg7 43. Qc2 Nf6 44. Qc7+ Rf7 45. Qc8 Nd5+ 46. Kf2 $14 Rf8 47. Qd7+ Rf7 48. Qe8 Rf8 49. Qh5 Qxh5 50. Rxh5 Rb8 51. f5 exf5 52. Rxf5 Nf6 53. Rxa5 Rb3 54. Nf4 Ng4+ 55. Kg2 Rb2+ 56. Kh3 Nf6 57. Nh5+ Nxh5 58. Rxh5 e3 59. Re5 e2 60. Kg4 Kf6 61. Kf3 Rd2 62. Rxe2 Rxd4 63. Re3 Kf5 64. Rb3 Ra4 65. Ke3 Ke5 66. Kd3 Kd5 67. Rc3 Rg4 68. Kc2 Re4 69. Kb3 Rg4 70. a4 Kd6 71. a5 Kd5 72. Ka3 Kd4 73. Rf3 Kc5 74. Rb3 Kc6 75. a6 Rg8 76. g4 Kd5 1-0

[Event "ESTCC U65 2018"]
[Site "Walbrzych"]
[Date "2018.04.22"]
[Round "9"]
[White "Nilsson, Christer"]
[Black "Carlsten, Peter"]
[Result "1/2-1/2"]
[ECO "C50"]
[WhiteElo "1931"]
[BlackElo "2010"]
[Annotator "NA"]
[PlyCount "34"]
[EventDate "2018.??.??"]
[EventCountry "POL"]
[SourceTitle "playchess.com"]
[Source "ChessBase"]
[SourceQuality "1"]
[WhiteTeam "Sweden"]
[BlackTeam "Sweden"]
[WhiteTeamCountry "SWE"]
[BlackTeamCountry "SWE"]
[TimeControl "40/5400+30:1800+30"]

1. e4 e5 2. Nf3 Nc6 3. Bc4 Bc5 4. d3 Nf6 5. c3 O-O 6. O-O d6 7. a4 a5 8. Qb3 h6 9. Na3 Nd7 10. Qd1 Nb6 11. Bb3 Bg4 12. Be3 Bxe3 13. fxe3 Qe7 14. Qe1 Be6 15. Bc2 Rad8 16. Qg3 Kh7 17. Rf2 g6 1/2-1/2

[Event "ESTCC U65 2018"]
[Site "Walbrzych"]
[Date "2018.04.22"]
[Round "9"]
[White "Ruotanen, Helge"]
[Black "Vinke, Dietmar"]
[Result "1/2-1/2"]
[ECO "A00"]
[WhiteElo "1921"]
[BlackElo "2170"]
[Annotator "NA"]
[PlyCount "27"]
[EventDate "2018.??.??"]
[EventCountry "POL"]
[SourceTitle "playchess.com"]
[Source "ChessBase"]
[SourceQuality "1"]
[WhiteTeam "Finland"]
[BlackTeam "Finland"]
[WhiteTeamCountry "FIN"]
[BlackTeamCountry "FIN"]
[TimeControl "40/5400+30:1800+30"]

1. g3 d5 2. Bg2 c6 3. d3 e5 4. Nf3 Nd7 5. e4 dxe4 6. dxe4 Ngf6 7. O-O Bc5 8. Nc3 O-O 9. h3 b5 10. Qe2 a5 11. Rd1 Qc7 12. Nh4 Re8 13. g4 Nf8 14. Be3 1/2-1/2

[Event "ESTCC U65 2018"]
[Site "Walbrzych"]
[Date "2018.04.22"]
[Round "9"]
[White "Gustavsson, Bo"]
[Black "Kauko, Pekka"]
[Result "1-0"]
[ECO "B12"]
[WhiteElo "1915"]
[BlackElo "1961"]
[Annotator "NA"]
[PlyCount "93"]
[EventDate "2018.??.??"]
[EventCountry "POL"]
[SourceTitle "playchess.com"]
[Source "ChessBase"]
[SourceQuality "1"]
[WhiteTeam "Sweden"]
[BlackTeam "Finland"]
[WhiteTeamCountry "SWE"]
[BlackTeamCountry "FIN"]
[TimeControl "40/5400+30:1800+30"]

1. e4 c6 2. d4 d5 3. e5 g6 4. f4 Nh6 5. Nf3 Bg7 6. Bd3 O-O 7. O-O a6 8. a4 Qc7 9. c4 b6 10. cxd5 cxd5 11. Nc3 Qd7 12. Qb3 e6 13. Qxb6 Nc6 14. Qc5 Rd8 15. Qa3 Rb8 16. Na2 Bf8 17. Qc3 Qb7 18. Rb1 Nb4 19. Nxb4 Bxb4 20. Qc2 Bd7 21. b3 Rdc8 22. Qe2 Rc6 23. Be3 Ng4 24. Bd2 Rbc8 25. Bxb4 Qxb4 26. Bxa6 Rc2 27. Qe1 Rb8 28. h3 Nh6 29. Qxb4 Rxb4 30. Bd3 Rc3 31. Rfd1 Rbxb3 32. Bb5 Bxb5 33. axb5 Nf5 34. b6 Rxb1 35. Rxb1 Rc8 36. Kf2 Kf8 37. Ke2 Ke8 38. Kd3 h6 39. Nd2 Ne7 40. Nb3 Nc6 41. Nc5 Nb8 42. Ra1 Nc6 43. Kc3 Rb8 44. b7 Kd8 45. Ra8 Kc7 46. Na6+ Kxb7 47. Nxb8 1-0

[Event "ESTCC U65 2018"]
[Site "Walbrzych"]
[Date "2018.04.22"]
[Round "9"]
[White "Auvinen, Esa"]
[Black "Kolbak, Jens"]
[Result "0-1"]
[ECO "C68"]
[WhiteElo "1888"]
[BlackElo "2213"]
[Annotator "NA"]
[PlyCount "51"]
[EventDate "2018.??.??"]
[EventCountry "POL"]
[SourceTitle "playchess.com"]
[Source "ChessBase"]
[SourceQuality "1"]
[WhiteTeam "Finland"]
[BlackTeam "Denmark"]
[WhiteTeamCountry "FIN"]
[BlackTeamCountry "DEN"]
[TimeControl "40/5400+30:1800+30"]

1. e4 e5 2. Nf3 Nc6 3. Bb5 a6 4. Bxc6 bxc6 5. Nxe5 Qg5 {[%emt 0:00:55] C68: Ruy Lopez: Exchange Variation, sidelines} (5... Qe7 6. d4 f6 7. Nc4 Qxe4+ 8. Ne3 Bd6 9. O-O Qh4 10. g3 Qh3 11. c4 h5 12. Qe2 Kf7 13. c5 Be7 {1-0 (35) Zavgorodniy,S (2422)-Tarlev,K (2468) Evpatoria 2007}) 6. d4 Qxg2 7. Qf3 Qxf3 8. Nxf3 d6 9. b3 $146 ({Predecessor:} 9. Rg1 g6 10. Bd2 Nf6 11. Nc3 Bg7 12. O-O-O O-O 13. Bf4 {0-1 (26) Marco,G-Schlechter,C Monte Carlo 1904}) 9... Nf6 10. Nbd2 Bg4 11. Ng1 d5 12. f3 Bh5 13. e5 Nd7 14. c4 Bb4 15. Bb2 dxc4 16. bxc4 Nb6 17. Rc1 Rb8 18. Bc3 Ba3 19. Rb1 O-O $15 20. Bb4 Bxb4 21. Rxb4 c5 22. dxc5 Nd7 23. Rxb8 Rxb8 24. f4 Nxc5 25. Ne2 Nd3+ 26. Kf1 0-1